 Dungeon Crawl Stone Soup version 0.23-a0-85-g22930c1 (webtiles) character file.

61 Gildeon the Conjurer (level 3, -2/19 HPs)
             Began as a Deep Elf Conjurer on Aug 13, 2018.
             Slain by a worm (7 damage)
             ... on level 2 of the Dungeon.
             The game lasted 00:09:35 (1481 turns).

Gildeon the Conjurer (Deep Elf Conjurer)            Turns: 1481, Time: 00:09:36

Health: -2/19      AC:  6    Str:  5    XL:     3   Next: 83%
Magic:  0/10       EV: 13    Int: 20    God:
Gold:   40         SH:  0    Dex: 15    Spells: 4/10 levels left

rFire    . . .     SeeInvis .   b - -1 dagger (curse)
rCold    . . .     Gourm    .   (no shield)
rNeg     . . .     Faith    .   a - +0 robe
rPois    .         Spirit   .   d - +0 helmet
rElec    .         Reflect  .   (no cloak)
rCorr    .         Harm     .   (no gloves)
MR       .....                  n - +2 pair of boots
Stlth    +++.......             (no amulet)
HPRegen  0.06/turn              (no ring)
MPRegen  0.12/turn              (no ring)

@: no status effects
A: no striking features
a: no special abilities


You were on level 2 of the Dungeon.
You were not hungry.

You visited 1 branch of the dungeon, and saw 2 of its levels.

You collected 40 gold pieces.

Inventory:

Hand Weapons
 b - a cursed -1 dagger (weapon)
 e - a +0 dagger
Armour
 a - a +0 robe (worn)
 d - a +0 helmet (worn)
 n - a +2 pair of boots (worn)
Scrolls
 f - a scroll of identify
 g - a scroll of magic mapping
 h - a scroll of fear {unknown}
Potions
 l - 2 potions of curing
Comestibles
 c - 2 rations
 i - a chunk of flesh


   Skills:
 - Level 2.4 Dodging
 + Level 3.7 Stealth
 + Level 4.1 Spellcasting
 - Level 5.0 Conjurations
 + Level 0.1 Hexes


You had 4 spell levels left.
You knew the following spells:

 Your Spells              Type           Power        Failure   Level  Hunger
a - Magic Dart            Conj           ###.         1%          1    None
b - Searing Ray           Conj           ###...       2%          2    #......
c - Dazzling Spray        Conj/Hex       ##....       14%         3    ###....

Your spell library contained the following spells:

 Spells                   Type           Power        Failure   Level  Hunger
 Iskenderun's Mystic Bla  Conj           ###.....     16%         4    ####...
 Fulminant Prism          Conj/Hex       ##........   41%         4    ####...
 Force Lance              Conj/Tloc      ##......     41%         4    ####...


Dungeon Overview and Level Annotations

Branches:
Dungeon (2/15)

Altars:

Annotations:
D:2 exclusion: gnoll


Message History

The worm closely misses you.
You hit the worm.
The worm is lightly wounded.
The worm barely misses you.
Casting: Magic Dart (safe; 1% risk of failure)
Confirm with . or Enter, or press ? or * to list all spells.
Aiming: Magic Dart (safe; 1% risk of failure)
Press: ? - help, Shift-Dir - straight line, f/p - worm
Aim: a worm The magic dart hits the worm.
The worm is moderately wounded.
You hit the worm but do no damage.
The worm is moderately wounded.
The worm misses you.
You hit the worm but do no damage.
The worm is moderately wounded.
You hit the worm.
The worm is moderately wounded.
The worm bites you!
You die...

##)###### #.# *** #)#
######## ,,* #.#
#..w...#
,.######.#####.####.#
,...............# #.#
,...$###.#####..# #.#
,..,,*#...** #..###.#
,,,,,#.....*
#..@w..###
,,***##...##
##.......# ,,* ##.##
#######.# ,,* #.# #.#
*,* #.# #.# *,* **+**
#.# *,* **,,,** #.#
*,* **,,,,,** #**#.#
*,***,,,,,,,**
##.*#.#


You could see a worm.

Vanquished Creatures
  Robin (D:2)
  A dart slug (D:1)
  2 leopard geckos (D:1)
  6 bats
  15 goblins
  5 hobgoblins
  A jackal (D:1)
  4 kobolds
  A frilled lizard (D:2)
  5 rats
41 creatures vanquished.

Notes
Turn   | Place    | Note
-------+----------+-------------------------------------------
     0 | D:1      | Gildeon the Deep Elf Conjurer began the quest for the Orb.
     0 | D:1      | Reached XP level 1. HP: 10/10 MP: 6/6
   264 | D:1      | Reached XP level 2. HP: 8/15 MP: 1/8
   494 | D:1      | Learned a level 2 spell: Searing Ray
   943 | D:1      | Reached XP level 3. HP: 19/19 MP: 10/10
   948 | D:1      | Learned a level 3 spell: Dazzling Spray
  1010 | D:2      | Noticed Robin
  1025 | D:2      | Killed Robin
  1320 | D:2      | Reached skill level 5 in Conjurations
  1481 | D:2      | Slain by a worm

Vault maps used:
D:1:      lightli_arrival_windingriver, minmay_bisected
D:2:      nicolae_overflow_hidden_temple, chequers_ecumenical_altar_simple,
          okawaru_gym_becter, uniq_terence, uniq_robin

Skill      XL: |  1  2  3 |
---------------+----------+-----
Stealth        | 3 |  3.7
Spellcasting   | 4 |  4.1
Conjurations   | 5 |  5.0
Dodging        | |  2.4
Hexes          | |  0.1

Action                   || total
-------------------------++-------
Melee: Dagger            ||    63
 Cast: Magic Dart        ||    63
       Searing Ray       ||     1
  Use: Scroll            ||     7
       Potion            ||     1
 Stab: Sleeping          ||     2
  Eat: Chunk             ||     2
Armor: Robe              ||    15
Dodge: Dodged            ||    48

Table legend:
 A = Non-vault XP
 B = Vault XP
 C = Vault XP percentage of total XP
 D = Non-vault monster count
 E = Vault monster count
 F = Vault count percentage of total count
 G = Total turns spent on level
                 A         B        C        D         E       F
            +---------+---------+-------+---------+---------+-------
      Total |      46 |      42 |  47.7 |      26 |      15 |  36.6
            +---------+---------+-------+---------+---------+-------
        D:1 |      34 |       7 |  17.1 |      18 |       4 |  18.2
        D:2 |      12 |      35 |  74.5 |       8 |      11 |  57.9
            +---------+---------+-------+---------+---------+-------
